[ AOE2 MATCH · #483199874 ]
Team RMSlavs vs Britons
[ REPLAY ANALYSIS · EXTRACTED FROM THE RECORDED GAME ]
Feudal
14:24
Castle
18:39
Imperial
—
| APM avg | 7.8 |
| APM peak | 25 |
| eAPM avg | 5.4 |
| Villagers / military | 44 / 12 |
Focus
⚔️ 15.0% · 🌾 85.0%
Scorpion ×8 · Mangonel ×4
Feudal
—
Castle
—
Imperial
—
| APM avg | 0.2 |
| APM peak | 6 |
| eAPM avg | 0.2 |
| Villagers / military | 12 / 0 |
Focus
⚔️ 0.0% · 🌾 100.0%
Feudal
15:36
Castle
26:11
Imperial
—
| APM avg | 24.5 |
| APM peak | 42 |
| eAPM avg | 11.2 |
| Villagers / military | 75 / 14 |
Focus
⚔️ 19.3% · 🌾 80.7%
Scout Cavalry ×7 · Battering Ram ×6 · Militia ×1
Feudal
—
Castle
—
Imperial
—
| APM avg | 0.1 |
| APM peak | 3 |
| eAPM avg | 0.1 |
| Villagers / military | 0 / 0 |
Feudal
17:28
Castle
—
Imperial
—
| APM avg | 9.4 |
| APM peak | 16 |
| eAPM avg | 6.3 |
| Villagers / military | 84 / 43 |
Focus
⚔️ 22.7% · 🌾 77.3%
Spearman ×20 · Archer ×15 · Militia ×8 · Trade Cart ×8
Feudal
17:20
Castle
22:22
Imperial
—
| APM avg | 17.4 |
| APM peak | 46 |
| eAPM avg | 12.1 |
| Villagers / military | 58 / 24 |
Focus
⚔️ 16.5% · 🌾 83.5%
Skirmisher ×17 · Archer ×4 · Knight ×2 · Monk ×1
Match map
Initial resources + every placement click. Lines = walls · curves = elevation contours. ◆ gold · ⬟ stone · ● berries · ✦ relic · ◌ wall gap
Your base· ✓ Closed at 18:39 · 11t walls · no gate
Possiblepasts's base· Open — opponent sealed themselves in
DrHoniPotting's base· ✓ Closed at 26:11 · 8t walls · no gate
Diente De Plata's base· Open — opponent sealed themselves in
ksekhon's base· ✓ Closed at 28:19 · 81t walls · 4 gate(s)
SIUUUUU8048's base· Open — opponent sealed themselves in
Smoothed initial terrain · ◌ = detected wall gap · hover for details
Inputs per minute
— Bezantine - - Possiblepasts
Build order — Bezantine
95 actions detected in the replay
| 0:08 | Build | House |
| 0:09 | Build | House |
| 0:11 | Build | House |
| 0:12 | Create | Villager (Male) |
| 0:12 | Create | Villager (Male) |
| 0:12 | Create | Villager (Male) |
| 0:13 | Create | Villager (Male) |
| 0:13 | Create | Villager (Male) |
| 0:56 | Build | Palisade Wall |
| 2:34 | Create | Villager (Male) |
| 2:34 | Create | Villager (Male) |
| 3:20 | Build | Lumber Camp |
| 3:25 | Create | Villager (Male) |
| 3:25 | Create | Villager (Male) |
| 4:44 | Create | Villager (Male) |
| 4:44 | Create | Villager (Male) |
| 4:44 | Create | Villager (Male) |
| 4:55 | Create | Villager (Male) |
| 4:56 | Create | Villager (Male) |
| 5:42 | Build | Mill |
| 5:45 | Create | Villager (Male) |
| 6:27 | Create | Villager (Male) |
| 6:30 | Create | Villager (Male) |
| 7:00 | Create | Villager (Male) |
| 7:27 | Create | Villager (Male) |
| 7:27 | Create | Villager (Male) |
| 7:32 | Build | Farm |
| 8:06 | Research | Loom |
| 8:07 | Create | Villager (Male) |
| 8:08 | Create | Villager (Male) |
| 8:08 | Create | Villager (Male) |
| 8:08 | Create | Villager (Male) |
| 8:16 | Create | Villager (Male) |
| 8:16 | Create | Villager (Male) |
| 8:17 | Create | Villager (Male) |
| 9:06 | Build | Lumber Camp |
| 9:11 | Create | Villager (Male) |
| 9:29 | Build | House |
| 9:31 | Build | House |
| 10:28 | Build | Mill |
| 10:55 | Build | Farm |
| 11:16 | Create | Villager (Male) |
| 11:18 | Research | Feudal Age |
| 11:29 | Build | Mining Camp |
| 12:35 | Build | Farm |
| 12:37 | Build | Farm |
| 13:47 | Create | Villager (Male) |
| 13:47 | Create | Villager (Male) |
| 14:24 | Age | Feudal Age |
| 14:27 | Build | Market |
| 14:32 | Build | Blacksmith |
| 15:59 | Research | Castle Age |
| 15:59 | Create | Villager (Male) |
| 16:00 | Create | Villager (Male) |
| 16:00 | Create | Villager (Male) |
| 16:56 | Build | Mining Camp |
| 17:10 | Build | Barracks |
| 17:30 | Build | Farm |
| 17:30 | Build | Farm |
| 17:31 | Build | Farm |
| 17:32 | Build | Farm |
| 17:36 | Build | Farm |
| 17:41 | Research | Double-Bit Axe |
| 17:44 | Research | Horse Collar |
| 18:00 | Build | House |
| 18:02 | Build | House |
| 18:35 | Create | Villager (Male) |
| 18:39 | Age | Castle Age |
| 18:56 | Build | Siege Workshop |
| 19:19 | Research | Bow Saw |
| 20:08 | Build | Siege Workshop |
| 20:14 | Create | Villager (Male) |
| 20:15 | Create | Villager (Male) |
| 20:15 | Create | Villager (Male) |
| 20:31 | Research | Gold Mining |
| 20:37 | Create | Scorpion |
| 21:01 | Create | Villager (Male) |
| 21:05 | Create | Mangonel |
| 21:45 | Create | Mangonel |
| 21:48 | Create | Scorpion |
| 21:59 | Create | Villager (Male) |
| 21:59 | Create | Villager (Male) |
| 22:00 | Create | Villager (Male) |
| 22:00 | Create | Villager (Male) |
| 22:00 | Create | Villager (Male) |
| 22:05 | Create | Mangonel |
| 22:11 | Create | Scorpion |
| 22:26 | Create | Scorpion |
| 23:11 | Create | Scorpion |
| 23:23 | Create | Mangonel |
| 23:27 | Create | Scorpion |
| 23:37 | Create | Scorpion |
| 24:01 | Create | Scorpion |
| 24:21 | Build | University |
| 26:11 | Research | Ballistics |
Build order — Possiblepasts
3 actions detected in the replay
| 0:03 | Create | Villager (Male) ×4 |
| 0:03 | Create | Villager (Male) ×4 |
| 0:03 | Create | Villager (Male) ×4 |
Build order — DrHoniPotting
First 150 of 156 actions detected
| 0:04 | Build | House |
| 0:07 | Create | Villager (Male) |
| 0:07 | Create | Villager (Male) |
| 0:14 | Build | House |
| 0:15 | Create | Villager (Male) |
| 0:16 | Create | Villager (Male) |
| 0:25 | Research | Loom |
| 0:26 | Create | Villager (Male) |
| 0:26 | Create | Villager (Male) |
| 2:31 | Build | Palisade Wall |
| 2:39 | Create | Villager (Male) |
| 2:39 | Create | Villager (Male) |
| 2:45 | Create | Villager (Male) |
| 4:02 | Create | Villager (Male) |
| 4:12 | Build | House |
| 4:41 | Create | Villager (Male) |
| 4:43 | Create | Villager (Male) |
| 5:13 | Build | Mill |
| 5:15 | Create | Villager (Male) |
| 6:07 | Create | Villager (Male) |
| 6:07 | Create | Villager (Male) |
| 6:08 | Create | Villager (Male) |
| 6:56 | Build | Lumber Camp |
| 7:06 | Create | Villager (Male) |
| 7:07 | Create | Villager (Male) |
| 7:31 | Create | Villager (Male) |
| 8:25 | Create | Villager (Male) |
| 9:47 | Build | House |
| 9:54 | Create | Villager (Male) |
| 10:02 | Create | Villager (Male) |
| 10:04 | Create | Villager (Male) |
| 10:06 | Create | Villager (Male) |
| 10:07 | Create | Villager (Male) |
| 10:08 | Create | Villager (Male) |
| 10:10 | Create | Villager (Male) |
| 10:28 | Create | Villager (Male) |
| 10:41 | Build | House |
| 10:54 | Create | Villager (Male) |
| 10:54 | Create | Villager (Male) |
| 11:03 | Build | Mill |
| 12:02 | Create | Villager (Male) |
| 12:58 | Create | Villager (Male) |
| 13:10 | Research | Feudal Age |
| 13:11 | Create | Villager (Male) |
| 14:29 | Build | Mining Camp |
| 14:40 | Build | Farm |
| 14:41 | Build | Farm |
| 14:42 | Build | Farm |
| 14:42 | Build | Farm |
| 14:46 | Create | Villager (Male) |
| 14:49 | Create | Villager (Male) |
| 15:11 | Build | House |
| 15:24 | Create | Villager (Male) |
| 15:36 | Age | Feudal Age |
| 15:54 | Build | Watch Tower |
| 16:56 | Build | House |
| 17:00 | Create | Villager (Male) |
| 17:02 | Create | Villager (Male) |
| 17:02 | Create | Villager (Male) |
| 17:03 | Create | Villager (Male) |
| 17:15 | Research | Double-Bit Axe |
| 17:15 | Research | Double-Bit Axe |
| 17:19 | Research | Horse Collar |
| 17:25 | Build | Farm |
| 17:28 | Create | Villager (Male) |
| 17:35 | Build | Blacksmith |
| 17:48 | Build | Market |
| 17:53 | Create | Villager (Male) |
| 18:09 | Create | Villager (Male) |
| 18:10 | Create | Villager (Male) |
| 18:16 | Create | Villager (Male) |
| 18:16 | Create | Villager (Male) |
| 18:16 | Create | Villager (Male) |
| 18:17 | Create | Villager (Male) |
| 18:17 | Create | Villager (Male) |
| 18:37 | Build | Barracks |
| 18:39 | Create | Villager (Male) |
| 18:41 | Create | Villager (Male) |
| 18:42 | Create | Villager (Male) |
| 18:43 | Create | Villager (Male) |
| 18:54 | Research | Scale Barding Armor |
| 18:55 | Research | Forging |
| 18:56 | Create | Villager (Male) |
| 19:06 | Build | Lumber Camp |
| 19:09 | Create | Villager (Male) |
| 20:00 | Build | House |
| 20:11 | Create | Villager (Male) |
| 20:18 | Create | Villager (Male) |
| 20:19 | Create | Villager (Male) |
| 20:26 | Build | Mining Camp |
| 20:41 | Create | Villager (Male) |
| 21:13 | Create | Villager (Male) |
| 21:36 | Create | Villager (Male) |
| 21:52 | Create | Villager (Male) |
| 22:17 | Build | Stable |
| 22:28 | Build | Mill |
| 22:36 | Create | Villager (Male) |
| 22:49 | Build | Farm |
| 22:49 | Build | Farm |
| 22:49 | Build | Farm |
| 22:56 | Create | Villager (Male) |
| 23:08 | Create | Villager (Male) |
| 23:21 | Research | Castle Age |
| 23:41 | Create | Scout Cavalry |
| 23:41 | Create | Scout Cavalry |
| 24:05 | Create | Scout Cavalry |
| 24:05 | Create | Scout Cavalry |
| 24:06 | Create | Scout Cavalry |
| 24:06 | Create | Scout Cavalry |
| 24:06 | Create | Scout Cavalry |
| 24:16 | Create | Militia |
| 24:22 | Create | Villager (Male) |
| 24:37 | Build | Farm |
| 24:37 | Build | Farm |
| 24:37 | Build | Farm |
| 24:38 | Build | Farm |
| 24:38 | Build | Farm |
| 24:38 | Build | Farm |
| 24:38 | Build | Farm |
| 24:39 | Build | Farm |
| 24:39 | Build | Farm |
| 25:21 | Create | Villager (Male) |
| 26:11 | Age | Castle Age |
| 26:31 | Create | Villager (Male) |
| 26:39 | Build | Siege Workshop |
| 26:47 | Build | Castle |
| 26:48 | Create | Villager (Male) |
| 26:48 | Create | Villager (Male) |
| 26:49 | Create | Villager (Male) |
| 26:50 | Create | Villager (Male) |
| 26:51 | Create | Villager (Male) |
| 26:52 | Build | Farm |
| 26:53 | Build | Farm |
| 26:56 | Research | Stone Mining |
| 26:56 | Research | Gold Mining |
| 27:13 | Build | House |
| 27:14 | Build | House |
| 27:14 | Build | House |
| 27:14 | Build | House |
| 27:14 | Build | House |
| 27:18 | Research | Bow Saw |
| 27:18 | Research | Bow Saw |
| 27:34 | Create | Battering Ram |
| 27:36 | Create | Battering Ram |
| 27:39 | Create | Battering Ram |
| 27:42 | Create | Battering Ram |
| 27:49 | Create | Villager (Male) |
| 27:52 | Build | Farm |
| 27:53 | Build | Farm |
| 27:58 | Create | Villager (Male) |
Build order — Diente De Plata
0 actions detected in the replay
Build order — ksekhon
118 actions detected in the replay
| 0:05 | Research | Loom |
| 0:06 | Create | Villager (Male) ×4 |
| 0:06 | Create | Villager (Male) ×4 |
| 0:51 | Build | Palisade Wall |
| 2:16 | Create | Villager (Male) |
| 2:16 | Create | Villager (Male) |
| 2:26 | Build | House |
| 2:27 | Build | House |
| 2:28 | Build | House |
| 2:30 | Build | House |
| 2:49 | Build | Palisade Gate |
| 3:43 | Build | Palisade Wall |
| 4:45 | Create | Villager (Male) ×3 |
| 4:45 | Create | Villager (Male) ×3 |
| 5:46 | Create | Villager (Male) |
| 6:20 | Build | Palisade Gate |
| 6:42 | Create | Villager (Male) ×2 |
| 6:42 | Create | Villager (Male) ×2 |
| 7:16 | Build | Palisade Wall |
| 7:35 | Create | Villager (Male) ×3 |
| 7:35 | Create | Villager (Male) ×3 |
| 8:22 | Build | Mill |
| 8:26 | Create | Villager (Male) ×2 |
| 8:27 | Create | Villager (Male) ×2 |
| 9:31 | Build | Palisade Wall |
| 9:37 | Build | Palisade Gate |
| 9:55 | Create | Villager (Male) ×5 |
| 10:12 | Build | Lumber Camp |
| 10:25 | Create | Villager (Male) ×2 |
| 10:26 | Create | Villager (Male) ×2 |
| 10:41 | Build | House |
| 10:42 | Build | House |
| 10:43 | Build | House |
| 10:45 | Build | House |
| 10:46 | Build | House |
| 11:00 | Create | Villager (Male) ×2 |
| 11:01 | Create | Villager (Male) ×2 |
| 12:06 | Build | Mill |
| 13:01 | Build | Farm |
| 13:06 | Create | Villager (Male) ×2 |
| 13:06 | Create | Villager (Male) ×2 |
| 13:36 | Build | Farm |
| 13:37 | Build | Farm |
| 13:37 | Build | Farm |
| 13:37 | Build | Farm |
| 13:37 | Build | Farm |
| 13:38 | Build | Farm |
| 13:38 | Build | Farm |
| 13:38 | Build | Farm |
| 13:39 | Build | Farm |
| 13:39 | Build | Farm |
| 13:39 | Build | Farm |
| 13:58 | Build | Farm |
| 14:28 | Build | Palisade Wall |
| 15:18 | Research | Feudal Age |
| 15:19 | Create | Villager (Male) ×4 |
| 15:19 | Create | Villager (Male) ×4 |
| 15:34 | Build | Barracks |
| 15:57 | Build | Barracks |
| 16:39 | Create | Villager (Male) ×5 |
| 16:40 | Create | Villager (Male) ×5 |
| 17:28 | Age | Feudal Age |
| 17:35 | Build | Stable |
| 17:40 | Research | Man-at-Arms (upgrade) |
| 18:23 | Create | Villager (Male) ×4 |
| 18:24 | Create | Villager (Male) ×4 |
| 18:35 | Build | Lumber Camp |
| 18:51 | Build | Market |
| 18:53 | Build | Market |
| 19:41 | Build | Stone Wall |
| 19:48 | Build | Gate |
| 19:55 | Create | Militia ×2 |
| 19:55 | Create | Militia ×2 |
| 20:17 | Build | Farm |
| 20:17 | Build | Farm |
| 20:17 | Build | Farm |
| 20:18 | Build | Farm |
| 20:18 | Build | Farm |
| 20:18 | Build | Farm |
| 20:18 | Build | Farm |
| 20:19 | Build | Farm |
| 20:19 | Build | Farm |
| 20:30 | Research | Double-Bit Axe |
| 20:36 | Research | Horse Collar |
| 20:45 | Create | Villager (Male) ×5 |
| 20:46 | Create | Villager (Male) ×5 |
| 21:05 | Create | Militia ×2 |
| 21:06 | Create | Militia ×2 |
| 23:25 | Build | Stable |
| 23:26 | Build | Stable |
| 23:53 | Build | Mining Camp |
| 24:11 | Build | Lumber Camp |
| 24:25 | Build | Blacksmith |
| 24:38 | Create | Trade Cart ×4 |
| 24:38 | Create | Trade Cart ×4 |
| 25:29 | Build | Archery Range |
| 25:48 | Create | Spearman ×5 |
| 25:48 | Create | Spearman ×5 |
| 25:48 | Create | Spearman ×5 |
| 25:49 | Create | Spearman ×5 |
| 26:26 | Build | Farm |
| 26:26 | Build | Farm |
| 26:27 | Build | Farm |
| 26:27 | Build | Farm |
| 26:27 | Build | Farm |
| 26:27 | Build | Farm |
| 26:28 | Build | Farm |
| 26:28 | Build | Farm |
| 26:28 | Build | Farm |
| 27:06 | Create | Archer ×5 |
| 27:07 | Create | Archer ×5 |
| 27:07 | Create | Archer ×5 |
| 27:18 | Build | Watch Tower |
| 28:19 | Research | Castle Age |
| 28:20 | Research | Wheelbarrow |
| 28:32 | Build | Lumber Camp |
| 29:07 | Build | Stable |
| 29:09 | Build | Stable |
Build order — SIUUUUU8048
First 150 of 158 actions detected
| 0:06 | Build | House |
| 0:08 | Build | House |
| 0:10 | Create | Villager (Male) |
| 0:10 | Create | Villager (Male) |
| 0:10 | Create | Villager (Male) |
| 0:11 | Create | Villager (Male) |
| 0:11 | Create | Villager (Male) |
| 0:11 | Create | Villager (Male) |
| 1:56 | Build | Lumber Camp |
| 2:01 | Create | Villager (Male) |
| 2:13 | Create | Villager (Male) |
| 2:29 | Research | Loom |
| 2:35 | Create | Villager (Male) |
| 2:55 | Create | Villager (Male) |
| 3:19 | Create | Villager (Male) |
| 3:41 | Create | Villager (Male) |
| 4:19 | Create | Villager (Male) |
| 4:43 | Create | Villager (Male) |
| 4:53 | Build | House |
| 5:21 | Build | House |
| 5:31 | Build | Palisade Wall |
| 5:35 | Create | Villager (Male) |
| 6:11 | Create | Villager (Male) |
| 6:32 | Create | Villager (Male) |
| 6:52 | Create | Villager (Male) |
| 7:04 | Build | Mining Camp |
| 7:15 | Build | House |
| 7:18 | Build | House |
| 7:24 | Create | Villager (Male) |
| 7:34 | Build | Barracks |
| 7:36 | Create | Villager (Male) |
| 8:17 | Create | Villager (Male) |
| 8:22 | Build | House |
| 8:24 | Build | House |
| 8:45 | Create | Villager (Male) |
| 8:55 | Build | Mill |
| 9:12 | Build | House |
| 9:20 | Create | Villager (Male) |
| 9:25 | Build | House |
| 9:45 | Build | Mill |
| 9:48 | Create | Villager (Male) |
| 10:27 | Build | House |
| 10:29 | Build | House |
| 10:52 | Create | Villager (Male) |
| 11:28 | Create | Villager (Male) |
| 11:29 | Create | Villager (Male) |
| 11:29 | Create | Villager (Male) |
| 11:39 | Build | House |
| 11:47 | Create | Villager (Male) |
| 11:47 | Create | Villager (Male) |
| 11:47 | Create | Villager (Male) |
| 12:49 | Create | Villager (Male) |
| 12:52 | Create | Villager (Male) |
| 13:00 | Create | Villager (Male) |
| 13:10 | Build | Lumber Camp |
| 13:21 | Create | Villager (Male) |
| 13:55 | Create | Villager (Male) |
| 14:16 | Build | Mill |
| 15:10 | Research | Feudal Age |
| 15:40 | Build | Mill |
| 15:53 | Build | Mining Camp |
| 15:59 | Build | Mining Camp |
| 16:28 | Build | Mill |
| 17:02 | Create | Villager (Male) |
| 17:06 | Build | Lumber Camp |
| 17:20 | Age | Feudal Age |
| 17:44 | Build | Town Center |
| 17:49 | Research | Double-Bit Axe |
| 17:52 | Create | Villager (Male) |
| 17:59 | Build | Farm |
| 18:01 | Create | Villager (Male) |
| 18:14 | Build | Market |
| 18:19 | Build | Blacksmith |
| 18:30 | Research | Stone Mining |
| 18:30 | Research | Gold Mining |
| 18:33 | Create | Villager (Male) |
| 18:50 | Build | Mining Camp |
| 18:57 | Build | Mining Camp |
| 19:09 | Create | Villager (Male) |
| 19:42 | Research | Castle Age |
| 19:46 | Create | Villager (Male) |
| 20:07 | Create | Villager (Male) |
| 20:13 | Create | Villager (Male) |
| 20:26 | Build | Archery Range |
| 21:16 | Create | Archer |
| 21:17 | Create | Archer |
| 21:22 | Research | Gold Mining |
| 21:28 | Create | Archer |
| 21:33 | Create | Villager (Male) |
| 21:36 | Create | Villager (Male) |
| 21:52 | Build | House |
| 21:57 | Build | House |
| 22:01 | Build | House |
| 22:20 | Build | Watch Tower |
| 22:22 | Age | Castle Age |
| 22:30 | Research | Town Watch |
| 22:31 | Create | Villager (Male) |
| 22:42 | Build | Stable |
| 22:46 | Build | House |
| 23:33 | Build | Monastery |
| 23:38 | Build | University |
| 23:47 | Create | Knight |
| 23:48 | Create | Knight |
| 23:57 | Create | Archer |
| 24:05 | Build | Town Center |
| 24:22 | Build | Mining Camp |
| 26:35 | Create | Monk |
| 26:40 | Research | Ballistics |
| 26:48 | Build | Archery Range |
| 27:20 | Build | Farm |
| 27:22 | Build | Farm |
| 27:22 | Build | Farm |
| 27:23 | Build | Farm |
| 27:23 | Build | Farm |
| 27:24 | Build | Farm |
| 27:25 | Build | Farm |
| 27:57 | Create | Skirmisher |
| 28:01 | Build | Archery Range |
| 28:15 | Create | Villager (Male) |
| 28:17 | Create | Villager (Male) |
| 28:17 | Create | Villager (Male) |
| 28:24 | Build | Stable |
| 28:31 | Research | Elite Skirmisher (upgrade) |
| 28:32 | Create | Skirmisher |
| 28:32 | Create | Skirmisher |
| 28:33 | Create | Skirmisher |
| 28:33 | Create | Skirmisher |
| 28:34 | Create | Skirmisher |
| 28:35 | Create | Skirmisher |
| 28:35 | Create | Skirmisher |
| 28:35 | Create | Skirmisher |
| 28:42 | Create | Skirmisher |
| 28:42 | Create | Skirmisher |
| 28:50 | Build | Mining Camp |
| 28:59 | Create | Villager (Male) |
| 28:59 | Create | Villager (Male) |
| 28:59 | Create | Villager (Male) |
| 29:00 | Create | Villager (Male) |
| 29:00 | Create | Villager (Male) |
| 29:00 | Create | Villager (Male) |
| 29:02 | Create | Villager (Male) |
| 29:02 | Create | Villager (Male) |
| 29:07 | Build | Farm |
| 29:08 | Build | Farm |
| 29:09 | Build | Farm |
| 29:10 | Build | Farm |
| 29:12 | Build | Farm |
| 29:12 | Build | Farm |
| 29:13 | Build | Farm |
| 29:14 | Build | Farm |
Match timeline
| 0:06 | Diente De Plata · resign |
| 0:51 | ksekhon · wall_segment Palisade Wall x11 |
| 0:56 | Bezantine · wall_segment Palisade Wall x11 |
| 2:31 | DrHoniPotting · wall_segment Palisade Wall x8 |
| 3:43 | ksekhon · wall_segment Palisade Wall x20 |
| 5:31 | SIUUUUU8048 · wall_segment Palisade Wall x7 |
| 7:16 | ksekhon · wall_segment Palisade Wall x12 |
| 7:34 | SIUUUUU8048 · first_building Barracks |
| 9:31 | ksekhon · wall_segment Palisade Wall x18 |
| 14:24 | Bezantine · age_up feudal |
| 14:28 | ksekhon · wall_segment Palisade Wall x10 |
| 15:34 | ksekhon · first_building Barracks |
| 15:36 | DrHoniPotting · age_up feudal |
| 17:10 | Bezantine · first_building Barracks |
| 17:20 | SIUUUUU8048 · age_up feudal |
| 17:28 | ksekhon · age_up feudal |
| 17:35 | ksekhon · first_building Stable |
| 18:37 | DrHoniPotting · first_building Barracks |
| 18:39 | Bezantine · age_up castle |
| 18:56 | Bezantine · first_building Siege Workshop |
| 19:17 | SIUUUUU8048 · first_market_sell 500 wood |
| 19:19 | SIUUUUU8048 · first_market_buy 100 food |
| 19:41 | ksekhon · wall_segment Stone Wall x10 |
| 20:26 | SIUUUUU8048 · first_building Archery Range |
| 22:17 | DrHoniPotting · first_building Stable |
| 22:22 | SIUUUUU8048 · age_up castle |
| 22:42 | SIUUUUU8048 · first_building Stable |
| 23:18 | Bezantine · first_market_sell 100 food |
| 23:33 | SIUUUUU8048 · first_building Monastery |
| 23:55 | DrHoniPotting · first_market_buy 100 food |
| 24:35 | ksekhon · first_market_sell 500 food |
| 25:29 | ksekhon · first_building Archery Range |
| 26:11 | DrHoniPotting · age_up castle |
| 26:39 | DrHoniPotting · first_building Siege Workshop |
| 26:47 | DrHoniPotting · first_building Castle |
[ AI ANALYSIS · 1 CREDIT ]
What really happened in this match?
Wolo.gg analyzes every decision: build order, eco, micro, common mistakes by bracket. Personalized analysis on WhatsApp or Discord in 30 seconds.
Civ guide
Slavs
Map guide
Black Forest
Perfil
Jugador #410058